 Dungeon Crawl Stone Soup version 0.26-a0-660-gc07710193c (webtiles) character file.

Game seed: 4058890141110300999

7 Gargoyl the Skirmisher (level 2, -1/29 HPs)
             Began as a Gnoll Abyssal Knight on Oct 8, 2020.
             Was a Follower of Lugonu.
             Slain by a worldbinder (3 damage)
             ... on level 2 of the Abyss.
             The game lasted 00:00:25 (140 turns).

Gargoyl the Skirmisher (Gnoll Abyssal Knight)        Turns: 140, Time: 00:00:26

Health: -1/29      AC:  3    Str: 14    XL:     2   Next: 0%
Magic:  5/5        EV: 12    Int: 14    God:    Lugonu [*.....]
Gold:   38         SH:  0    Dex: 14    Spells: 1/1 levels left

rFire    . . .     SeeInvis .   d - +2 short sword (venom)
rCold    . . .     Faith    .   (no shield)
rNeg     . . .     Spirit   .   b - +0 leather armour
rPois    .         Reflect  .   (no helmet)
rElec    .         Harm     .   (no cloak)
rCorr    .         Rampage  .   (no gloves)
MR       .....                  (no boots)
Stlth    +.........             (no amulet)
HPRegen  0.09/turn              (no ring)
MPRegen  0.09/turn              (no ring)

@: no status effects
A: distributed training, fangs 1, strong nose
a: Depart the Abyss, Renounce Religion


You were on level 2 of the Abyss.
You worshipped Lugonu.
Lugonu was aware of your devotion.
You visited 0 branches of the dungeon, and saw 0 of its levels.
You visited the Abyss 1 time.

You collected 38 gold pieces.

Inventory:

Hand Weapons
 a - a +1 hand axe
 d - a +2 short sword of venom (weapon)
Armour
 b - a +0 leather armour (worn)


   Skills:
 + Level 6.4 Fighting
 + Level 0.2 Short Blades
 + Level 0.2 Long Blades
 + Level 4.4 Axes
 + Level 0.2 Maces & Flails
 + Level 0.2 Polearms
 + Level 0.2 Staves
 + Level 0.2 Slings
 + Level 0.2 Bows
 + Level 0.2 Crossbows
 + Level 0.2 Throwing
 + Level 4.4 Armour
 + Level 2.4 Dodging
 + Level 0.2 Stealth
 + Level 0.2 Shields
 + Level 0.2 Unarmed Combat
 + Level 0.2 Spellcasting
 + Level 0.1 Conjurations
 + Level 0.1 Hexes
 + Level 0.1 Summonings
 + Level 0.1 Necromancy
 + Level 0.1 Translocations
 + Level 0.1 Transmutations
 + Level 0.1 Fire Magic
 + Level 0.1 Ice Magic
 + Level 0.1 Air Magic
 + Level 0.1 Earth Magic
 + Level 0.1 Poison Magic
 + Level 4.4 Invocations
 + Level 0.2 Evocations


You had one spell level left.
You didn't know any spells.
Your spell library contained the following spells:

 Spells                   Type           Power        Failure   Level
 Corona                   Hex            #......      32%         1
 Ensorcelled Hibernation  Hex/Ice        #.....       45%         2
 Confusing Touch          Hex            #.......     69%         3
 Dazzling Flash           Conj/Hex       #.....       69%         3
 Tukima's Dance           Hex            #.......     69%         3


Dungeon Overview and Level Annotations

Branches:
Dungeon (0/15)

Altars:


Innate Abilities, Weirdness & Mutations

Your experience applies equally to all skills.
You have very sharp teeth.
Your uncanny sense of smell can sniff out nearby items.


Message History

You hit the white imp.
The white imp is almost dead.
The jumping spider disappears in a puff of smoke!
You hit the worldbinder but do no damage.
You kill the white imp!
You have reached level 2!
A thrashing horror comes into view.
The worldbinder misses you. The worldbinder barely misses you.
The thrashing horror moves out of view.
The thrashing horror roars!
You hit the worldbinder but do no damage.
You bite the worldbinder, but do no damage.
The worldbinder hits you. The worldbinder closely misses you.
The worldbinder hits you.
* * * LOW HITPOINT WARNING * * *
The worldbinder hits you but does no damage.
The worldbinder hits you.
* * * LOW HITPOINT WARNING * * *
The worldbinder hits you.
You die...

#... # . .#.# . .# #.
#. . # ...# #$### §# #
..#..# ##?.####
§§###### #. #..@...# #
#.# . ##..#x.#.##... #
.... .#...# ##s....# .
## . #...#####.##..##
. ##.. #.###. #s.##.##
#..####. s.........
##..#. x#..#....#.# ..
.....#ss.##.#...#.###
.#...###.#.....#...#..


You could see a worldbinder and a tarantella (summoned).

Vanquished Creatures
  A white imp (Abyss:2)
1 creature vanquished.

Notes
Turn   | Place    | Note
-------+----------+-------------------------------------------
     0 | Abyss:1  | Gargoyl the Gnoll Abyssal Knight began the quest for the
                  | Orb.
     0 | Abyss:1  | Reached XP level 1. HP: 23/23 MP: 3/3
   120 | Abyss:2  | Noticed a worldbinder
   130 | Abyss:2  | Noticed an orb spider
   130 | Abyss:2  | Noticed a jumping spider
   130 | Abyss:2  | Noticed a jumping spider
   136 | Abyss:2  | Noticed a tarantella
   137 | Abyss:2  | Reached XP level 2. HP: 16/29 MP: 5/5
   137 | Abyss:2  | Noticed a thrashing horror
   137 | Abyss:2  | Noticed a tarantella
   140 | Abyss:2  | Slain by a worldbinder

Illustrated notes

Levels and vault maps discovered:
Abyss:2:  hangedman_abyss_stitches_cave

Action                   || total
-------------------------++-------
Melee: Short sword       ||     6
       Bite              ||     3
  Use: Scroll            ||     1
       Potion            ||     1
Armor: Leather armour    ||     1
Dodge: Dodged            ||     5

Table legend: (Time is in decaauts)
 A = Elapsed time spent in this place.
 B = Non-inter-level travel time spent in this place.
 C = Inter-level travel time spent in this place.
 D = Time resting spent in this place.
 E = Time spent auto-exploring this place.
 F = Levels seen in this place.
 G = Mean time per level.
                   A        B        C        D        E       F      G
               +--------+--------+--------+--------+--------+-----+--------+
         Total |    139 |    139 |      0 |     25 |     76 |   2 |   69.5 |
         Abyss |    139 |    139 |      0 |     25 |     76 |   2 |   69.5 |
               +--------+--------+--------+--------+--------+-----+--------+

Top non-repeatable levels by time:
 Abyss:2: 90 daAuts
 Abyss:1: 49 daAuts
